Map: Deathaura LE

Players

ByuN

  • Race: Terran Terran
  • League: Diamond
  • Spawn Location: 11:00

Rogue - Winner!

  • Race: Zerg Zerg
  • Spawn Location: 5:00

Event: TSL 6

VOD

Have the link to the VOD?

Description

Time

  • Played on: Dec. 13, 2020, 2:02 p.m.
  • Length: 11:47

All games in this series

Show
View Real Time Build Order
Export as new Build Order

ByuN Terran 

Build Orders: Gas First Reaper Expand, Hellion Banshee 

Get SALT Encoding   

  12  0:00  SCV  
  13  0:12  SCV  
  14  0:17  Supply Depot  
  14  0:24  SCV  
  14  0:27  Refinery  
  15  0:38  SCV  
  16  0:43  Barracks  
  16  0:50  SCV  
  17  1:02  SCV  
  18  1:14  SCV  
  19  1:30  Orbital Command, Reaper  
  20  1:40  Command Center  
  20  1:52  Factory  
  20  1:55  SCV  
  21  2:04  Barracks Reactor  
  21  2:07  SCV  
  22  2:09  Supply Depot  
  22  2:15  Refinery  
  22  2:20  SCV  
  23  2:32  SCV  
  24  2:40  Starport  
  24  2:44  SCV  
  25  2:48  Marine  
  25  2:49  Hellion x2  
  30  2:56  Orbital Command  
  30  2:57  SCV  
  31  3:09  Marine  
  31  3:10  Hellion x2  
  36  3:16  Medivac  
  38  3:25  Armory  
  38  3:31  Hellion  
  38  3:32  Hellion, Marine  
  43  3:36  Supply Depot  
  43  3:38  SCV  
  43  3:41  SCV  
  45  3:49  Starport Tech Lab  
  45  3:51  SCV  
  46  3:56  Supply Depot  
  46  3:58  Hellion, SCV  
  46  4:00  Hellion  
  51  4:04  SCV  
  51  4:08  Cloaking Field  
  52  4:10  SCV  
  52  4:16  SCV  
  54  4:18  Banshee  
  54  4:22  SCV  
  58  4:28  SCV  
  56  4:31  Hellion  
  56  4:32  Hellion  
  56  4:34  SCV  
  56  4:37  Hellion x2  
  57  4:40  SCV  
  52  4:46  SCV  
  49  4:52  SCV  
  49  4:53  Barracks Tech Lab, Hellion  
  49  4:58  SCV  
  49  4:59  Command Center  
  52  5:00  Banshee  
  52  5:05  SCV  
  56  5:07  Supply Depot  
  56  5:10  SCV  
  56  5:13  Stimpack, Marine  
  58  5:17  SCV  
  58  5:19  Barracks  
  59  5:21  Factory Reactor  
  59  5:22  SCV  
  59  5:26  Barracks  
  60  5:29  Engineering Bay  
  60  5:30  Engineering Bay  
  60  5:31  SCV  
  60  5:35  SCV  
  62  5:38  Marine  
  62  5:40  Supply Depot  
  62  5:41  Refinery  
  61  5:43  SCV, Refinery  
  61  5:47  SCV  
  63  5:55  SCV  
  64  5:57  Starport Reactor, Marine  
  64  5:59  Terran Infantry Armor Level 1, Terran Infantry Weapons Level 1, SCV  
  66  6:07  SCV  
  66  6:10  Factory Reactor  
  66  6:11  SCV  
  68  6:15  Barracks  
  68  6:16  Marine x3  
  68  6:17  Barracks, Orbital Command  
  71  6:22  SCV  
  71  6:23  SCV  
  73  6:26  Marine x2  
  75  6:34  Marine x3  
  75  6:39  Medivac x2  
  82  6:43  Orbital Command  
  82  6:44  SCV x2  
  82  6:46  Supply Depot x2  
  84  6:48  Hellion x4  
  84  6:52  Marine x2  
  84  6:53  Marine x3  
  91  6:54  Hellion  
  91  6:55  Hellion  
  91  6:58  SCV x2  
  92  7:04  Terran Vehicle And Ship Armor Level 1  
  92  7:05  Barracks Reactor  
  92  7:06  Barracks Reactor  
  92  7:08  Supply Depot  
  92  7:10  SCV x2  
  92  7:11  Supply Depot x2  
  92  7:12  Supply Depot  
  92  7:13  SCV  
  95  7:15  Marine x2  
  95  7:16  Marine x2  
  99  7:23  Combat Shield, Widow Mine x2  
  104  7:30  SCV x3  
  104  7:33  Marine  
  104  7:34  Medivac, Supply Depot  
  104  7:35  Supply Depot  
  108  7:38  Supply Depot  
  108  7:42  SCV x2  
  108  7:43  SCV, Marine  
  108  7:44  Marine x7  
  113  7:51  Marine  
  120  7:55  Widow Mine x2  
  120  7:58  Medivac  
  124  7:59  SCV x3  
  124  8:01  Factory, Refinery  
  124  8:04  Medivac, Marine x3  
  132  8:05  Marine  
  132  8:06  Marine x3  
  132  8:08  Marine  
  124  8:15  Supply Depot  
  121  8:21  Marine  
  121  8:22  Marine x3  
  121  8:23  Marine x3  
  121  8:24  Marine  
  121  8:26  Widow Mine x2, Marine  
  134  8:35  Supply Depot  
  134  8:38  Supply Depot  
  134  8:39  Marine  
  134  8:40  Medivac x2  
  139  8:44  Terran Infantry Armor Level 2, Terran Infantry Weapons Level 2  
  139  8:48  Widow Mine x2  
  143  8:52  Factory Tech Lab  
  143  8:53  Command Center  
  143  8:56  Supply Depot  
  143  9:01  Marine  
  143  9:02  Marine x2  
  146  9:03  Marine x2  
  146  9:09  Widow Mine  
  141  9:10  Medivac x2  
  141  9:11  Marine  
  141  9:12  Marine x2  
  141  9:13  Marine  
  141  9:19  Marine  
  141  9:20  Marine  
  141  9:22  Supply Depot  
  141  9:23  Widow Mine x2  
  142  9:31  Marauder  
  142  9:34  Marine  
  142  9:36  Marine  
  142  9:37  Marine x5  
  142  9:40  Medivac  
  142  9:43  SCV x2  
  130  9:46  Widow Mine  
  130  9:47  Widow Mine, SCV  
  127  9:53  Marauder  
  127  9:55  SCV x2  
  128  10:01  Marine  
  128  10:02  Marine x2  
  129  10:07  SCV x2  
  129  10:12  Widow Mine x2  
  129  10:19  SCV x2  
  129  10:21  Marine x7  
  132  10:23  Marine  
  132  10:28  Marine  
  140  10:31  SCV  
  137  10:38  Marine  
  137  10:39  Marine x6  
  137  10:41  Marine  
  145  10:44  Widow Mine x2  
  146  11:05  Orbital Command  
  146  11:07  Marine x5  
  146  11:08  Marine x4  
  138  11:12  Widow Mine x2  
  138  11:14  Widow Mine  
  138  11:15  SCV x2  
  132  11:25  Marine x2  
  122  11:26  Marauder  
  122  11:27  SCV x2  
Show
View Real Time Build Order
Export as new Build Order

Rogue Zerg - Winner!

Build Orders: Hatch First, Lurkers 

Get SALT Encoding   

  12  0:00  Drone  
  13  0:11  Overlord  
  13  0:16  Drone  
  14  0:30  Drone x2  
  16  0:46  Hatchery  
  15  0:50  Drone  
  15  0:53  Drone  
  17  0:57  Drone  
  18  1:08  Extractor  
  17  1:12  Spawning Pool  
  17  1:15  Drone  
  17  1:18  Drone  
  18  1:28  Drone  
  19  1:39  Drone  
  20  1:49  Drone  
  21  1:59  Queen x2  
  21  2:00  Zergling x4  
  27  2:12  Overlord, Drone  
  27  2:13  Metabolic Boost  
  28  2:27  Hatchery  
  28  2:29  Drone  
  28  2:31  Drone  
  28  2:34  Drone  
  30  2:38  Drone  
  31  2:45  Queen  
  31  2:50  Overlord  
  33  2:52  Drone  
  33  2:54  Drone  
  33  2:56  Drone  
  36  3:10  Drone x5  
  41  3:15  Overlord  
  41  3:18  Drone  
  42  3:22  Queen  
  44  3:37  Queen, Drone x3  
  44  3:39  Drone x2  
  44  3:41  Queen  
  51  3:42  Overlord  
  51  3:45  Drone x2  
  55  3:50  Drone x2  
  55  3:52  Drone  
  58  3:59  Queen  
  58  4:01  Zergling x2, Spine Crawler  
  58  4:02  Zergling x4  
  61  4:03  Zergling x2  
  61  4:06  Zergling x2  
  61  4:07  Zergling x2  
  64  4:13  Zergling x2  
  64  4:14  Overlord  
  65  4:23  Zergling x2, Overlord  
  65  4:24  Zergling x2  
  64  4:25  Zergling x2  
  64  4:27  Zergling x2  
  64  4:28  Zergling x2  
  64  4:29  Zergling x2  
  65  4:33  Zergling x2  
  65  4:34  Zergling x2  
  65  4:37  Queen x2  
  68  4:39  Drone x3  
  68  4:47  Drone x2  
  68  4:48  Drone x2  
  68  4:49  Drone  
  68  4:50  Evolution Chamber x2  
  68  4:51  Drone  
  68  4:52  Drone  
  69  4:53  Spore Crawler x2  
  69  4:54  Spore Crawler  
  69  4:55  Drone x2  
  69  4:58  Drone  
  69  4:59  Drone  
  70  5:02  Drone  
  70  5:05  Extractor  
  70  5:09  Drone  
  70  5:10  Drone  
  72  5:15  Zerg Ground Armor Level 1, Zerg Melee Weapons Level 1  
  72  5:20  Drone x2  
  74  5:24  Zergling x4  
  74  5:26  Hatchery  
  74  5:28  Lair  
  75  5:30  Extractor  
  75  5:31  Overlord  
  75  5:32  Extractor  
  75  5:34  Drone  
  75  5:35  Drone x5  
  76  5:38  Drone  
  76  5:40  Zergling x6  
  78  5:44  Spore Crawler, Drone  
  76  5:50  Drone  
  76  5:51  Drone  
  76  5:53  Drone  
  76  5:55  Extractor  
  76  5:56  Baneling Nest  
  77  5:58  Drone x4  
  77  5:59  Spore Crawler, Drone x2  
  77  6:01  Drone x2  
  84  6:04  Drone x2  
  84  6:09  Drone x2  
  88  6:13  Drone  
  89  6:18  Overlord  
  89  6:21  Overlord, Burrow  
  89  6:28  Overseer  
  86  6:33  Drone x3  
  86  6:36  Drone  
  86  6:37  Drone x8  
  96  6:41  Centrifical Hooks, Hatchery  
  95  6:52  Drone  
  95  6:53  Drone x4  
  96  6:58  Overlord  
  96  7:00  Drone x2  
  98  7:01  Spore Crawler  
  98  7:04  Zergling x12  
  98  7:08  Zergling x2  
  104  7:12  Extractor  
  104  7:13  Zergling x2  
  104  7:14  Zergling x12  
  104  7:15  Overseer  
  110  7:17  Zerg Ground Armor Level 2  
  110  7:18  Zerg Melee Weapons Level 2  
  110  7:23  Zergling x2, Drone x4  
  110  7:29  Zergling x4  
  115  7:30  Baneling x7  
  115  7:32  Zergling x2  
  115  7:33  Zergling x6  
  119  7:38  Pneumatized Carapace  
  119  7:41  Overlord  
  119  7:43  Overlord x2, Infestation Pit  
  118  7:45  Overlord  
  118  7:48  Overlord  
  117  7:53  Drone  
  117  7:54  Drone  
  117  8:02  Zergling x18  
  117  8:03  Zergling x6, Drone  
  130  8:12  Hydralisk Den, Baneling  
  129  8:13  Zergling x14, Baneling  
  129  8:14  Zergling x2  
  129  8:16  Drone  
  129  8:17  Hatchery  
  136  8:20  Extractor  
  136  8:24  Overlord  
  135  8:35  Hive  
  135  8:36  Zergling x34  
  135  8:39  Overlord  
  151  8:48  Zergling x16  
  152  8:49  Baneling x3  
  152  8:50  Baneling x3  
  152  8:51  Drone x2  
  152  8:55  Grooved Spines  
  161  8:56  Baneling x3  
  161  8:57  Baneling  
  161  8:59  Lurker Den  
  154  9:04  Zergling x2  
  145  9:10  Drone  
  145  9:11  Drone  
  145  9:16  Drone x8  
  145  9:17  Drone x3  
  156  9:21  Extractor  
  156  9:23  Hydralisk x7  
  169  9:24  Hydralisk  
  169  9:27  Zergling x2  
  153  9:37  Hydralisk x5  
  154  9:39  Zergling x2  
  154  9:40  Zergling x8  
  154  9:42  Zergling x2  
  154  9:43  Zergling x6  
  155  9:47  Zergling x10  
  155  9:51  Zergling x4  
  158  9:54  Zergling x2  
  158  9:56  Zergling x8  
  163  10:00  Seismic Spines  
  163  10:06  Drone, Muscular Augments  
  164  10:08  Overlord  
  164  10:09  Overlord x2  
  164  10:10  Overlord  
  156  10:16  Overlord, Overseer  
  156  10:17  Lurker x4  
  156  10:18  Lurker x4  
  164  10:23  Extractor  
  164  10:24  Spore Crawler, Drone  
  164  10:28  Zergling x8  
  164  10:29  Zergling x4  
  164  10:33  Baneling x8  
  169  10:36  Baneling  
  169  10:37  Baneling x2  
  169  10:38  Zergling x14  
  176  10:44  Drone x2  
  176  10:45  Drone  
  176  10:46  Baneling x8  
  176  10:53  Zergling x22  
  176  10:55  Zergling x2  
  187  10:59  Zergling x6  
  187  11:01  Overlord  
  190  11:04  Zergling x2  
  190  11:09  Zergling x4  
  190  11:10  Zergling x24  
  194  11:14  Zergling x2  
  188  11:19  Zergling x22  
  188  11:22  Zergling x8  
  188  11:24  Zergling x2  
  188  11:25  Overseer  
  193  11:33  Baneling x5  
  195  11:41  Hatchery  
Tags
 
Add a new tag
Caveats
  • Supply blocks, unpowered buildings, or Contaminate may cause inaccurate times.
  • Supply counts are checked every 10 seconds.